 Dungeon Crawl Stone Soup version 0.32-a0-711-g016ad743e0 (webtiles) character file.

Game seed: 7176209697053516647

63 Doorstop00 the Chopper (level 3, -5/33 HPs)
             Began as a Minotaur Berserker on Mar 15, 2024.
             Was a Believer of Trog.
             Succumbed to a gnoll's poison
             ... on level 2 of the Dungeon.
             The game lasted 00:05:49 (1063 turns).

Doorstop00 the Chopper (Minotaur Berserker)         Turns: 1063, Time: 00:05:50

Health: -5/33      AC:  5    Str: 23    XL:     3   Next: 89%
Magic:  2/2        EV: 10    Int:  4    God:    Trog [**....]
Gold:   52         SH:  3    Dex:  9    Spells: 2/2 levels left

rFire   . . .        a - +0 hand axe
rCold   . . .        h - +0 buckler
rNeg    . . .        i - +0 ring mail
rPois   .            (helmet restricted)
rElec   .            (no cloak)
rCorr   .            (no gloves)
SInv    .            (no boots)
Will    .....        (no amulet) Stlth
                     (no ring)
HPRegen 0.25/turn    (no ring)
MPRegen 0.08/turn

%: no passive effects
@: lethally poisoned (-5 -> -27)
A: horns 2, retaliatory headbutt
a: Renounce Religion, Berserk, Trog's Hand


You were on level 2 of the Dungeon.
You worshipped Trog.
Trog was pleased with you.
You visited 1 branch of the dungeon, and saw 2 of its levels.

You collected 52 gold pieces.

Inventory:

Hand Weapons
 a - a +0 hand axe (weapon)
Missiles
 e - a throwing net (quivered)
Armour
 h - a +0 buckler (worn)
 i - a +0 ring mail (worn)
Talismans
 k - a storm talisman
Scrolls
 c - a scroll of teleportation {unknown}
 j - a scroll of amnesia {unknown}
 l - a scroll of poison {unknown}
 m - a scroll of identify
Potions
 b - a potion of mutation {unknown}
 d - 2 potions of curing {unknown}
 f - a potion of magic {unknown}
 g - a potion of invisibility {unknown}


   Skills:
 * Level 4.2 Fighting
 * Level 4.6(4.7) Axes
 * Level 0.9(3.0) Maces & Flails
 * Level 3.1 Armour
 * Level 2.5 Dodging


You had 2 spell levels left.
You didn't know any spells.
Your spell library was empty.

Dungeon Overview and Level Annotations

Branches:
Dungeon (2/15)

Altars:


Innate Abilities, Weirdness & Mutations

You have a pair of horns on your head.
You reflexively headbutt those who attack you in melee.


Message History

A rat comes into view.
A gnoll comes into view. It is wielding a +0 whip.
The gnoll shouts!
A gnoll comes into view. It is wielding a +1 whip of venom.
A gnoll comes into view. It is wielding a +0 flail.
You see here a scroll of identify.
m - a scroll of identify You barely miss the rat.
The rat bites you.
You barely miss the rat. The rat barely misses you.
You hit the rat. You headbutt the rat.
You kill the rat!
Trog accepts your kill.
You hit the gnoll but do no damage.
The gnoll hits you with a +1 whip of venom.
You are poisoned.
The gnoll hits you with a +1 whip of venom!
You hit the gnoll.
The gnoll is lightly wounded.
You feel very sick.
The gnoll hits you with a +1 whip of venom.
You are more poisoned.
You barely miss the gnoll.
The gnoll is lightly wounded.
You feel very sick. The gnoll closely misses you.
You hit the gnoll.
The gnoll is moderately wounded.
You feel sick.
The gnoll hits you with a +1 whip of venom.
* * * LOW HITPOINT WARNING * * *
You are more poisoned.
You hit the gnoll but do no damage.
The gnoll is moderately wounded.
* * * LOW HITPOINT WARNING * * *
You feel very sick. The gnoll hits you but does no damage.
You are more poisoned.
You completely miss the gnoll.
The gnoll is moderately wounded.
You die...

##.#####.######
..............#
...#####.####.#
#..#####.####.#####
#........##.......#
#..########.#.#.#.#
...# #..#(##..#
#.## #. #..#..#
..##### #. ##.#@.#
......# # #.g#.#
#.....# ....g .#
......# #.......#
#.....# #.#..# .#
#.....# # .#. .#
..##### .#.# .# ###
#. . .#


You could see 2 gnolls.

Vanquished Creatures
  2 adders (D:2)
  3 dart slugs
  2 ribbon worms (D:2)
  An endoplasm (D:1)
  A giant cockroach (D:1)
  3 hobgoblins (D:2)
  3 kobolds
  2 quokkas (D:1)
  4 ball pythons
  6 bats
  A frilled lizard (D:2)
  4 goblins
  5 rats
37 creatures vanquished.

Notes
Turn   | Place    | Note
-------+----------+-------------------------------------------
     0 | D:1      | Doorstop00 the Minotaur Berserker began the quest for the
                  | Orb.
     0 | D:1      | Reached XP level 1. HP: 19/19 MP: 0/0
   295 | D:1      | Reached XP level 2. HP: 27/27 MP: 1/1
   636 | D:2      | Reached XP level 3. HP: 33/33 MP: 2/2
   737 | D:2      | Reached ** piety under Trog
   885 | D:2      | Found a faded altar of an unknown god.
  1062 | D:2      | HP: 1/33 [poisoned by a gnoll]
  1063 | D:2      | Succumbed to a gnoll's poison

Illustrated notes

Levels and vault maps discovered:
D:1:      sevenhm_arrival_forest_fort_small_3, layout_basic
D:2:      layout_loops_cross, ebering_ecumenical_altar_petrified

Skill      XL: |  1  2  3 |
---------------+----------+-----
Axes           | 4 |  4.6
Fighting       | 4 |  4.2
Armour         | 3 |  3.1
Maces & Flails | |  0.9
Dodging        | |  2.5

Action                     || total
---------------------------++-------
  Melee: Hand axe          ||    78
         Headbutt          ||    13
    Use: Scroll            ||     1
 Armour: Leather armour    ||    18
         Ring mail         ||    30
  Dodge: Dodged            ||    39
  Block: Buckler           ||     7

Table legend: (Time is in decaauts)
 A = Elapsed time spent in this place.
 B = Non-inter-level travel time spent in this place.
 C = Inter-level travel time spent in this place.
 D = Time resting spent in this place.
 E = Time spent auto-exploring this place.
 F = Levels seen in this place.
 G = Mean time per level.
                   A        B        C        D        E       F      G
               +--------+--------+--------+--------+--------+-----+--------+
         Total |   1070 |   1066 |      4 |      0 |    733 |   2 |  535.0 |
       Dungeon |   1070 |   1066 |      4 |      0 |    733 |   2 |  535.0 |
               +--------+--------+--------+--------+--------+-----+--------+

Top non-repeatable levels by time:
     D:2: 552 daAuts
     D:1: 518 daAuts
